HBL
OCEAN CITY BLUE CRABS @ DANVILLE DAIRY DADDIES
04/05/1997
 
TOP OF THE 1ST
Ocean City Blue Crabs batting - Pitching for Danville Dairy Daddies : RHP Tim Worrell
Pitching: RHP Tim Worrell
Batting: RHB Jarvis Brown 0-0: Ball
1-0: Foul Ball, location: 2F
1-1: Ball
2-1: Ball
3-1: Ground out 2-3 (Groundball, 2R, EV 66.9 MPH)
Batting: RHB Pat F. Kelly 0-0: SINGLE (Groundball, 56D, EV 101.3 MPH)
Batting: LHB Brad Fullmer 0-0: Ball
1-0: Foul Ball, location: 2F
1-1: Fly out, F9 (Flyball, 9LD, EV 86.3 MPH)
Runner from 1st tags up, SAFE at 2nd
Batting: SHB Junior Felix 0-0: Called Strike
0-1: Ball
1-1: Called Strike
1-2: Foul Ball, location: 2F
1-2: Ball
2-2: Foul Ball, location: 2F
2-2: SINGLE (Line Drive, 5D, EV 94.4 MPH)
Pat F. Kelly to third
Runner from 3rd tries for Home, SAFE, no throw by LF
Batting: LHB Curtis Pride 0-0: Ball
1-0: Swinging Strike
1-1: Foul Ball, location: 2F
1-2: Strikes out swinging
Top of the 1st over - 1 run, 2 hits, 0 errors, 1 left on base; Ocean City 1 - Danville 0
BOTTOM OF THE 1ST
Danville Dairy Daddies batting - Pitching for Ocean City Blue Crabs : RHP Jamie Brewington
Pitching: RHP Jamie Brewington
Batting: SHB Joey Cora 0-0: Called Strike
0-1: Ball
1-1: Foul Ball, location: 2F
1-2: Ball
2-2: SINGLE (Line Drive, 4D, EV 106.9 MPH)
Batting: RHB Mike Blowers 0-0: Ball
1-0: Ball
2-0: SINGLE (Flyball, 89S, EV 88.8 MPH)
Joey Cora to second
Batting: LHB David Ortiz 0-0: Called Strike
0-1: Fielders Choice at 2nd, 5-4 (Groundball, 5, EV 106.9 MPH)
Joey Cora to third
Batting: LHB Brant Brown 0-0: Foul Ball, location: 2F
0-1: Called Strike
0-2: Ball
1-2: Foul Ball, location: 2F
1-2: Foul Ball, location: 2F
1-2: Strikes out swinging
Batting: LHB Rusty Greer 0-0: Ball
1-0: Foul Ball, location: 2F
1-1: Foul Ball, location: 2F
1-2: Ground out 4-3 (Groundball, 34, EV 82.5 MPH)
Bottom of the 1st over - 0 runs, 2 hits, 0 errors, 2 left on base; Ocean City 1 - Danville 0
TOP OF THE 2ND
Ocean City Blue Crabs batting - Pitching for Danville Dairy Daddies : RHP Tim Worrell
Batting: RHB Scott Leius 0-0: Called Strike
0-1: Ball
1-1: Fly out, F8 (Flyball, 8LS, EV 95.0 MPH)
Batting: RHB Jeff Abbott 0-0: Foul Ball, location: 2F
0-1: Fly out, F8 (Flyball, 8RM, EV 93.8 MPH)
Batting: RHB Manny Alexander 0-0: Called Strike
0-1: Ground out 6-3 (Groundball, 6, EV 85.6 MPH)
Top of the 2nd over - 0 runs, 0 hits, 0 errors, 0 left on base; Ocean City 1 - Danville 0
BOTTOM OF THE 2ND
Danville Dairy Daddies batting - Pitching for Ocean City Blue Crabs : RHP Jamie Brewington
Batting: RHB Kevin Polcovich 0-0: Ground out 6-3 (Groundball, 6, EV 83.8 MPH)
Batting: RHB Erik Pappas 0-0: Ball
1-0: Foul Ball, location: 2F
1-1: Swinging Strike
1-2: Foul Ball, location: 2F
1-2: Strikes out swinging
Batting: RHB Takahiro Ikeyama 0-0: Ball
1-0: Ball
2-0: Ball
3-0: Called Strike
3-1: Base on Balls
Batting: RHB Shawn Gilbert 0-0: Ball
1-0: Foul Ball, location: 2F
1-1: Called Strike
1-2: Foul Ball, location: 2F
1-2: Ball
2-2: Ball
3-2: Ground out 6-3 (Groundball, 6, EV 90.6 MPH)
Bottom of the 2nd over - 0 runs, 0 hits, 0 errors, 1 left on base; Ocean City 1 - Danville 0
TOP OF THE 3RD
Ocean City Blue Crabs batting - Pitching for Danville Dairy Daddies : RHP Tim Worrell
Batting: RHB Takeshi Nakamura 0-0: Ground out 6-3 (Groundball, 56D, EV 102.5 MPH)
Batting: RHB Jarvis Brown 0-0: Called Strike
0-1: Fly out, F8 (Flyball, 8RM, EV 93.8 MPH)
Batting: RHB Pat F. Kelly 0-0: Ground out 6-3 (Groundball, 6, EV 100.0 MPH)
Top of the 3rd over - 0 runs, 0 hits, 0 errors, 0 left on base; Ocean City 1 - Danville 0
BOTTOM OF THE 3RD
Danville Dairy Daddies batting - Pitching for Ocean City Blue Crabs : RHP Jamie Brewington
Batting: SHB Joey Cora 0-0: Foul Ball, location: 2F
0-1: Called Strike
0-2: Foul Ball, location: 2F
0-2: Ball
1-2: SINGLE (Groundball, 56, EV 85.0 MPH) (infield hit)
Batting: RHB Mike Blowers 0-0: Called Strike
0-1: Ball
1-1: Ball
2-1: Swinging Strike
2-2: Ball
3-2: Foul Ball, location: 2F
3-2: Foul Ball, location: 2F
3-2: Foul Ball, location: 2F
3-2: Ground out 5-3 (Groundball, 56S, EV 68.8 MPH)
Joey Cora to second
Batting: LHB David Ortiz 0-0: Ball
1-0: SINGLE (Line Drive, 78M, EV 100.6 MPH)
Joey Cora to third
Runner from 3rd tries for Home, SAFE, no throw by CF
Batting: LHB Brant Brown 0-0: Ball
1-0: Called Strike
1-1: Called Strike
1-2: 2-RUN HOME RUN (Flyball, 9D, EV 108.1 MPH), Distance : 358 ft
Batting: LHB Rusty Greer 0-0: Called Strike
0-1: Called Strike
0-2: Strikes out swinging
Batting: RHB Kevin Polcovich 0-0: Ball
1-0: Foul Ball, location: 2F
1-1: Foul Ball, location: 2F
1-2: SINGLE (Flyball, 8RS, EV 85.6 MPH)
Batting: RHB Erik Pappas 0-0: Called Strike
0-1: Foul Ball, location: 2F
0-2: Ball
1-2: Foul Ball, location: 2F
1-2: Foul Ball, location: 2F
1-2: Fielders Choice at 2nd, 6-4 (Groundball, 56, EV 86.3 MPH)
Bottom of the 3rd over - 3 runs, 4 hits, 0 errors, 1 left on base; Ocean City 1 - Danville 3
TOP OF THE 4TH
Ocean City Blue Crabs batting - Pitching for Danville Dairy Daddies : RHP Tim Worrell
Batting: LHB Brad Fullmer 0-0: Ball
1-0: Foul Ball, location: 2F
1-1: Ball
2-1: Ball
3-1: Foul Ball, location: 2F
3-2: Base on Balls
Batting: SHB Junior Felix 0-0: Called Strike
0-1: Ball
1-1: Ball
2-1: Fielders Choice at 2nd, 2-4 (Groundball, 15S, EV 71.3 MPH)
Batting: LHB Curtis Pride 0-0: Ball
Wild Pitch!
Junior Felix to second
1-0: Ball
2-0: Ground out 4-3 (Groundball, 4S, EV 76.9 MPH)
Junior Felix to third
Batting: RHB Scott Leius 0-0: Called Strike
0-1: Swinging Strike
0-2: Ball
1-2: Fly out, F9 (Flyball, 9S, EV 86.3 MPH)
Top of the 4th over - 0 runs, 0 hits, 0 errors, 1 left on base; Ocean City 1 - Danville 3
BOTTOM OF THE 4TH
Danville Dairy Daddies batting - Pitching for Ocean City Blue Crabs : RHP Jamie Brewington
Batting: RHB Takahiro Ikeyama 0-0: Foul Ball, location: 2F
0-1: Ball
1-1: Ball
2-1: Fly out, F7 (Flyball, 7D, EV 83.8 MPH)
Batting: RHB Shawn Gilbert 0-0: Called Strike
0-1: Ball
1-1: Foul Ball, location: 2F
1-2: Strikes out swinging
Batting: SHB Joey Cora 0-0: Called Strike
0-1: Ball
1-1: Ball
2-1: Called Strike
2-2: Ball
3-2: Strikes out swinging
Bottom of the 4th over - 0 runs, 0 hits, 0 errors, 0 left on base; Ocean City 1 - Danville 3
TOP OF THE 5TH
Ocean City Blue Crabs batting - Pitching for Danville Dairy Daddies : RHP Tim Worrell
Batting: RHB Jeff Abbott 0-0: Ball
1-0: Fly out, F4 (Popup, 3DF, EV 65.0 MPH)
Batting: RHB Manny Alexander 0-0: Ball
1-0: Foul Ball, location: 2F
1-1: SINGLE (Line Drive, 9S, EV 103.1 MPH)
Batting: RHB Takeshi Nakamura 0-0: Ball
1-0: Reached on error, E6 (Groundball, 6, EV 90.6 MPH)
Manny Alexander to second
Batting: RHB Jarvis Brown 0-0: Ball
1-0: Called Strike
1-1: Foul Ball, location: 2F
1-2: Ball
2-2: Ball
3-2: Strikes out swinging
Batting: RHB Pat F. Kelly 0-0: Fly out, F9 (Flyball, 9, EV 74.4 MPH)
Top of the 5th over - 0 runs, 1 hit, 1 error, 2 left on base; Ocean City 1 - Danville 3
BOTTOM OF THE 5TH
Danville Dairy Daddies batting - Pitching for Ocean City Blue Crabs : RHP Jamie Brewington
Batting: RHB Mike Blowers 0-0: Ball
1-0: Ball
2-0: Ball
3-0: Called Strike
3-1: Swinging Strike
3-2: Strikes out looking
Batting: LHB David Ortiz 0-0: Swinging Strike
0-1: Ball
1-1: Ball
2-1: SINGLE (Line Drive, 7S, EV 100.0 MPH)
Batting: LHB Brant Brown 0-0: Ball
1-0: Ball
2-0: Called Strike
2-1: Ball
3-1: Foul Ball, location: 2F
3-2: Fly out, F6 (Flyball, 6MD, EV 73.1 MPH)
Batting: LHB Rusty Greer 0-0: Foul Ball, location: 2F
0-1: Ball
1-1: Foul Ball, location: 2F
1-2: Ball
2-2: Ball
3-2: Base on Balls
David Ortiz to second
Batting: RHB Kevin Polcovich 0-0: Fielders Choice at 2nd, 5-4 (Groundball, 56, EV 87.5 MPH)
Bottom of the 5th over - 0 runs, 1 hit, 0 errors, 2 left on base; Ocean City 1 - Danville 3
TOP OF THE 6TH
Ocean City Blue Crabs batting - Pitching for Danville Dairy Daddies : RHP Tim Worrell
Batting: LHB Brad Fullmer 0-0: Called Strike
0-1: Fly out, F7 (Flyball, 7S, EV 86.9 MPH)
Batting: SHB Junior Felix 0-0: Ball
1-0: Ball
2-0: Called Strike
2-1: Foul Ball, location: 2F
2-2: Ground out 3-1 (Groundball, 3S, EV 70.6 MPH)
Batting: LHB Curtis Pride 0-0: SOLO HOME RUN (Flyball, 9LD, EV 93.8 MPH), Distance : 354 ft
Batting: RHB Scott Leius 0-0: Called Strike
0-1: Foul Ball, location: 2F
0-2: Ball
1-2: Ball
2-2: Ground out 5-3 (Groundball, 5S, EV 84.4 MPH)
Top of the 6th over - 1 run, 1 hit, 0 errors, 0 left on base; Ocean City 2 - Danville 3
BOTTOM OF THE 6TH
Danville Dairy Daddies batting - Pitching for Ocean City Blue Crabs : RHP Jamie Brewington
Pitching: RHP Hector Carrasco
Batting: RHB Erik Pappas 0-0: Ball
1-0: Called Strike
1-1: Called Strike
1-2: Strikes out swinging
Batting: RHB Takahiro Ikeyama 0-0: Ball
1-0: Ball
2-0: Called Strike
2-1: Foul Ball, location: 2F
2-2: Foul Ball, location: 2F
2-2: Ball
3-2: Foul Ball, location: 2F
3-2: Strikes out looking
Batting: RHB Shawn Gilbert 0-0: Called Strike
0-1: Ball
1-1: Ground out 4-3 (Groundball, 4, EV 88.1 MPH)
Bottom of the 6th over - 0 runs, 0 hits, 0 errors, 0 left on base; Ocean City 2 - Danville 3
TOP OF THE 7TH
Ocean City Blue Crabs batting - Pitching for Danville Dairy Daddies : RHP Tim Worrell
Batting: RHB Jeff Abbott 0-0: Fly out, F9 (Flyball, 9S, EV 84.4 MPH)
Batting: RHB Manny Alexander 0-0: Ground out 5-3 (Groundball, 5L, EV 103.8 MPH)
Batting: RHB Takeshi Nakamura 0-0: Called Strike
0-1: Reached on error, E6 (Groundball, 6, EV 94.4 MPH)
Pinch Hitting: LHB Pedro Valdes 0-0: Ground out 2-3 (Groundball, 15S, EV 70.0 MPH)
Top of the 7th over - 0 runs, 0 hits, 1 error, 1 left on base; Ocean City 2 - Danville 3
BOTTOM OF THE 7TH
Danville Dairy Daddies batting - Pitching for Ocean City Blue Crabs : RHP Hector Carrasco
Now in CF: Julio Peguero
Batting: SHB Joey Cora 0-0: Called Strike
0-1: Ball
1-1: Foul Ball, location: 2F
1-2: Ball
2-2: Ball
3-2: Foul Ball, location: 2F
3-2: Base on Balls
Pitching: RHP Pep Harris
Batting: RHB Mike Blowers 0-0: Ball
1-0: Called Strike
1-1: Ball
2-1: Foul Ball, location: 2F
2-2: Ball
3-2: Foul Ball, location: 2F
3-2: Foul Ball, location: 2F
3-2: Fly out, F9 (Flyball, 9S, EV 87.5 MPH)
Batting: LHB David Ortiz 0-0: Ball
1-0: Called Strike
1-1: Swinging Strike
1-2: Strikes out swinging
Batting: LHB Brant Brown 0-0: Ball
1-0: Ball
2-0: Foul Ball, location: 2F
2-1: Fly out, F7 (Flyball, 78M, EV 96.3 MPH)
Bottom of the 7th over - 0 runs, 0 hits, 0 errors, 1 left on base; Ocean City 2 - Danville 3
TOP OF THE 8TH
Ocean City Blue Crabs batting - Pitching for Danville Dairy Daddies : RHP Tim Worrell
Batting: RHB Pat F. Kelly 0-0: Ball
1-0: Foul Ball, location: 2F
1-1: Reached on error, E5 (Groundball, 5L, EV 89.4 MPH)
Batting: LHB Brad Fullmer 0-0: Called Strike
0-1: Ball
1-1: SINGLE (Line Drive, 78M, EV 96.9 MPH)
Pat F. Kelly to second
Batting: SHB Junior Felix 0-0: Ball
1-0: Fielders Choice at 2nd, 4-6 (Groundball, 4, EV 103.1 MPH)
Pat F. Kelly to third
Batting: LHB Curtis Pride 0-0: Called Strike
0-1: Fly out, F9 (Flyball, 9, EV 87.5 MPH)
Runner from 3rd tags up, SCORES, throw by RF
Batting: RHB Scott Leius 0-0: Called Strike
0-1: Called Strike
0-2: Strikes out looking
Top of the 8th over - 1 run, 1 hit, 1 error, 1 left on base; Ocean City 3 - Danville 3
BOTTOM OF THE 8TH
Danville Dairy Daddies batting - Pitching for Ocean City Blue Crabs : RHP Pep Harris
Batting: LHB Rusty Greer 0-0: Ball
1-0: Ball
2-0: Ball
3-0: Called Strike
3-1: Foul Ball, location: 2F
3-2: Strikes out swinging
Batting: RHB Kevin Polcovich 0-0: Foul Ball, location: 2F
0-1: Foul Ball, location: 2F
0-2: Ball
1-2: SINGLE (Groundball, 6MD, EV 98.1 MPH)
Pitching: RHP Ramon Morel
Batting: RHB Erik Pappas 0-0: Foul Ball, location: 2F
0-1: Ball
1-1: SINGLE (Groundball, 6MD, EV 103.1 MPH)
Kevin Polcovich to second
Runner from 2nd tries for 3rd, SAFE, throw by CF made to third
Batting: RHB Takahiro Ikeyama 0-0: Ball
1-0: Called Strike
1-1: Foul Ball, location: 2F
1-2: Foul Ball, location: 2F
1-2: DOUBLE (Flyball, 8RXD, EV 109.4 MPH)
Kevin Polcovich scores
Erik Pappas to third
Batting: RHB Shawn Gilbert 0-0: Ball
1-0: Foul Ball, location: 2F
1-1: Foul Ball, location: 2F
1-2: Ball
2-2: Strikes out swinging
Batting: SHB Joey Cora 0-0: Foul Ball, location: 2F
0-1: Ball
1-1: Ball
2-1: Called Strike
2-2: Fly out, F9 (Flyball, 89M, EV 87.5 MPH)
Bottom of the 8th over - 1 run, 3 hits, 0 errors, 2 left on base; Ocean City 3 - Danville 4
TOP OF THE 9TH
Ocean City Blue Crabs batting - Pitching for Danville Dairy Daddies : RHP Tim Worrell
Pitching: RHP Mike Fyhrie
Batting: RHB Jeff Abbott 0-0: Ball
1-0: Fly out, F7 (Flyball, 78S, EV 83.1 MPH)
Batting: RHB Manny Alexander 0-0: Called Strike
0-1: Ball
1-1: Foul Ball, location: 2F
1-2: Ball
2-2: Ball
3-2: Strikes out swinging
Pinch Hitting: RHB Garey Ingram 0-0: Ball
1-0: Foul Ball, location: 2F
1-1: Ball
2-1: Foul Ball, location: 2F
2-2: Reached via error on a dropped throw from P, E3 (Groundball, 25, EV 86.9 MPH)
Batting: SHB Julio Peguero 0-0: Called Strike
0-1: Foul Ball, location: 2F
0-2: Ball
1-2: SINGLE (Line Drive, 4D, EV 100.6 MPH)
Garey Ingram to second
Runner from 2nd tries for 3rd, SAFE, no throw by RF
Batting: RHB Pat F. Kelly 0-0: Ball
1-0: SINGLE (Flyball, 89S, EV 91.3 MPH)
Garey Ingram scores
Julio Peguero to second
Runner from 2nd tries for 3rd, SAFE, throw by CF made to third
Batting: LHB Brad Fullmer 0-0: Ball
1-0: Called Strike
1-1: Ball
2-1: Called Strike
2-2: Foul Ball, location: 2F
2-2: Ball
3-2: Strikes out looking
Top of the 9th over - 1 run, 2 hits, 1 error, 2 left on base; Ocean City 4 - Danville 4
BOTTOM OF THE 9TH
Danville Dairy Daddies batting - Pitching for Ocean City Blue Crabs : RHP Ramon Morel
Now at C: Einar Diaz
Batting: RHB Mike Blowers 0-0: Called Strike
0-1: Ball
1-1: Foul Ball, location: 2F
1-2: Ball
2-2: Ball
3-2: Base on Balls
Pitching: RHP Rafael Carmona
Batting: LHB David Ortiz 0-0: Ball
1-0: Ball
2-0: Called Strike
2-1: Ball
3-1: 2-RUN HOME RUN (Flyball, 78XD, EV 93.1 MPH), Distance : 408 ft
Thursday, January 22nd, 2026 - OOTP Baseball 20.8 Build 74